 Dungeon Crawl Stone Soup version 0.19.0-24-gb05acd6 (webtiles) character file.

240 ImaNewbie the Slasher (level 5, -3/38 HPs)
             Began as a Demonspawn Gladiator on Nov 20, 2016.
             Was an Initiate of Okawaru.
             Slain by Duvessa
             ... wielding a +0 short sword
              (4 damage)
             ... in the Ecumenical Temple.
             The game lasted 00:08:44 (4051 turns).

ImaNewbie the Slasher (Demonspawn Gladiator)        Turns: 4051, Time: 00:08:44

Health: -3/38      AC: 11    Str: 22    XL:     5   Next: 79%
Magic:  5/5        EV: 14    Int:  9    God:    Okawaru [......]
Gold:   163        SH:  0    Dex: 14    Spells: 0 memorised, 4 levels left

rFire  . . .     SeeInvis .     b - -2 blowgun (curse)
rCold  . . .     Gourm    .     t - quicksilver dragon scales
rNeg   . . .     Faith    .     (no shield)
rPois  .         Spirit   .     c - +0 helmet
rElec  .         Reflect  .     y - +0 cloak
rCorr  .         Harm     .     (no gloves)
MR     +....                    (no boots)
Stlth  +.........               (no amulet)
                                r - +3 ring of strength
                                i - +3 ring of strength

@: no status effects
A: claws 1, repulsion field 1
a: Renounce Religion


You were in the Ecumenical Temple.
You worshipped Okawaru.
Okawaru was noncommittal.
You were not hungry.

You visited 2 branches of the dungeon, and saw 5 of its levels.

You collected 163 gold pieces.

Inventory:

Hand Weapons
 a - a +0 long sword
 b - a cursed -2 blowgun (weapon)
Missiles
 d - 3 throwing nets
 p - 6 poisoned needles (quivered)
Armour
 c - a +0 helmet (worn)
 t - quicksilver dragon scales (worn)
 y - a +0 cloak (worn)
 A - a +0 leather armour
Jewellery
 i - a +3 ring of strength (left claw)
 r - a +3 ring of strength (right claw)
Scrolls
 k - a scroll of remove curse {unknown}
 n - a scroll of fog
 q - a scroll of enchant armour {unknown}
 v - a scroll of immolation {unknown}
Potions
 g - a potion of ambrosia
 l - a potion of flight
 m - a potion of degeneration {unknown}
 o - a potion of curing
 s - a potion of might {unknown}
 u - a potion of cure mutation {unknown}
 w - 2 potions of resistance {unknown}
 B - 2 potions of haste {unknown}
 D - a potion of lignification
Comestibles
 f - 3 bread rations
 h - 4 fruits
 j - a meat ration
 x - 3 chunks of flesh


   Skills:
 - Level 2.0 Fighting
 + Level 6.0 Long Blades
 - Level 1.7 Throwing
 - Level 2.6 Dodging


You had 4 spell levels left.
You didn't know any spells.

Dungeon Overview and Level Annotations

Branches:
Dungeon (4/15)             Temple (1/1) D:4

Altars:
Ashenzari
Cheibriados
Dithmenos
Elyvilon
Fedhas
Gozag
Hepliaklqana
Kikubaaqudgha
Makhleb
Nemelex Xobeh
Okawaru
Qazlal
Ru
Sif Muna
Trog
Uskayaw
Vehumet
Xom
Yredelemnul
Zin
The Shining One

Annotations:
D:3 exclusion: downstairs
Temple Duvessa


Innate Abilities, Weirdness & Mutations

You have sharp fingernails.
You are surrounded by a mild repulsion field. (EV +2)


Message History

* * * LOW HITPOINT WARNING * * *
Firing (i - inventory. (,) - cycle):
p - 8 poisoned needles (quivered)
Press: ? - help, Shift-Dir - straight line, f/p - Duvessa
Aim: Duvessa, wielding a short sword (moderately wounded, berserk, fast+slow, unusually strong, poisoned)
You shoot a poisoned needle.
The poisoned needle barely misses Duvessa.
Duvessa hits you with a short sword!
* * * LOW HITPOINT WARNING * * *
Firing (i - inventory. (,) - cycle):
p - 7 poisoned needles (quivered)
Press: ? - help, Shift-Dir - straight line, f/p - Duvessa
Aim: Duvessa, wielding a short sword (moderately wounded, berserk, fast+slow, unusually strong, poisoned)
You shoot a poisoned needle.
The poisoned needle closely misses Duvessa.
Duvessa hits you with a short sword.
* * * LOW HITPOINT WARNING * * *
Duvessa misses you.
Duvessa is no longer moving slowly.
Duvessa is no longer berserk.
Duvessa looks more healthy.
Duvessa hits you with a short sword.
You die...

####### ####.....####
###....._.....###
#...............#
##..@e..(.._...##
##....._.....## ##.........##
##.._(_..## ##..(..## ##._.##
########...########
########.......(<........####
#........_...._(.(_...._.....


You could see Duvessa.

Vanquished Creatures
  Dowan (D:4)
  A jelly (D:3)
  Ijyb (D:2)
  5 adders
  2 oozes
  An adder skeleton (D:4)
  3 worms
  A dart slug (D:2)
  2 leopard geckos
  An orc (D:3)
  6 bats
  2 giant cockroaches
  10 goblins
  4 hobgoblins
  7 jackals
  4 quokkas
  A ball python (D:3)
  5 frilled lizards
  6 kobolds
  10 rats
73 creatures vanquished.

Notes
Turn   | Place    | Note
-------+----------+-------------------------------------------
     0 | D:1      | ImaNewbie the Demonspawn Gladiator began the quest for the Orb.
     0 | D:1      | Reached XP level 1. HP: 16/16 MP: 1/1
    89 | D:1      | Reached skill level 3 in Long Blades
   140 | D:1      | Gained mutation: You are surrounded by a mild repulsion field. (EV +2) [demonic ancestry]
   140 | D:1      | Reached XP level 2. HP: 12/22 MP: 2/2
   655 | D:2      | Reached XP level 3. HP: 10/27 MP: 3/3
  1024 | D:2      | Reached skill level 4 in Long Blades
  1752 | D:2      | Noticed Ijyb
  1764 | D:2      | Killed Ijyb
  1764 | D:2      | Gained mutation: You have sharp fingernails. [demonic ancestry]
  1764 | D:2      | Reached XP level 4. HP: 24/33 MP: 4/4
  2056 | D:2      | Reached skill level 5 in Long Blades
  2870 | D:3      | Reached XP level 5. HP: 8/38 MP: 5/5
  3916 | D:4      | Found a staircase to the Ecumenical Temple.
  3916 | D:4      | Noticed Dowan
  3917 | D:4      | Noticed Duvessa
  3922 | Temple   | Entered the Ecumenical Temple
  3996 | Temple   | Became a worshipper of Warmaster Okawaru
  4025 | D:4      | Killed Dowan
  4025 | D:4      | Reached skill level 6 in Long Blades
  4047 | Temple   | HP: 1/38 [Duvessa/short sword (2)]
  4051 | Temple   | Slain by Duvessa

Skill      XL: |  1  2  3  4  5 |
---------------+----------------+-----
Long Blades    | 3 4 5 6 |  6.0
Fighting       | |  2.0
Throwing       | |  1.7
Dodging        | |  2.6

Action                   |  1- 3 |  4- 6 || total
-------------------------+-------+-------++-------
Melee: Long sword        |    96 |   115 ||   211
 Fire: Blowgun           |       |     9 ||     9
  Use: Scroll            |       |     6 ||     6
       Potion            |       |     2 ||     2
 Stab: Sleeping          |     1 |       ||     1
  Eat: Chunk             |     2 |     8 ||    10
Armor: Leather armour    |    18 |    26 ||    44
       Quicksilver drago |       |     5 ||     5
Dodge: Dodged            |    63 |    87 ||   150
       Rpst.: Long sword |    17 |    29 ||    46
